 Dungeon Crawl Stone Soup version 0.31-a0-435-g2c6fae2916 (webtiles) character file.

Game seed: 6415036668404863250

604 HallandMoats the Trooper (level 7, 0/36 (38) HPs)
             Began as a Vine Stalker Fighter on Aug 2, 2023.
             Was a Follower of Qazlal.
             Slain by a wight
             ... wielding a +4 short sword
              (4 damage)
             ... on level 5 of the Dungeon.
             The game lasted 00:05:14 (2986 turns).

HallandMoats the Trooper (Vine Stalker Fighter)     Turns: 2986, Time: 00:05:14

HP:   0/36 (38)     AC:  8    Str: 18    XL:     7   Next: 42%
MP:   0/9           EV: 11    Int: 10    God:    Qazlal [*.....]
Gold: 141           SH:  6    Dex: 14    Spells: 6/6 levels left

rFire   . . .        a - +3 hand axe (flame)
rCold   . . .        c - +0 buckler
rNeg    . . .        l - +3 ring mail
rPois   .            (no helmet)
rElec   .            (no cloak)
rCorr   .            (no gloves)
SInv    .            (no boots)
Will    .....        (no amulet)
Stlth   +            (no ring)
HPRegen 1.06/turn    (no ring)
MPRegen 0.11/turn

%: guardian spirit
@: drained
A: fangs 2, regeneration 1, magic shield, antimagic bite, no potion heal 2
a: Renounce Religion


You were on level 5 of the Dungeon.
You worshipped Qazlal.
Qazlal was aware of your devotion.
You visited 1 branch of the dungeon, and saw 5 of its levels.

You collected 141 gold pieces.

Inventory:

Hand Weapons
 a - a +3 hand axe of flaming (weapon)
 b - the +6 falchion "Kayj" {elec, *Rage Fly rF+ Int+5}
   (You found it on level 3 of the Dungeon)

   Int:       It affects your intelligence (+5).
   rF:        It protects you from fire.
   Fly:       It grants you flight.
   *Rage:     It berserks you when you make melee attacks (+20% chance).
Armour
 c - a +0 buckler (worn)
 l - a +3 ring mail (worn)
 x - a +0 pair of gloves
Talismans
 v - a maw talisman
Wands
 o - a wand of flame (7)
Scrolls
 f - 2 scrolls of blinking {unknown}
 g - 6 scrolls of identify {unknown}
 h - a scroll of vulnerability {unknown}
 i - a scroll of noise {unknown}
 j - 3 scrolls of immolation {unknown}
 m - 2 scrolls of teleportation {unknown}
 q - a scroll of summoning {unknown}
 r - a scroll of poison {unknown}
 s - a scroll of fear {unknown}
 t - a scroll of enchant armour {unknown}
 w - a scroll of silence {unknown}
 y - a scroll of torment {unknown}
Potions
 d - a potion of might
 e - a potion of haste {unknown}
 k - a potion of mutation {unknown}
 n - 5 potions of curing {unknown}
 p - 2 potions of heal wounds {unknown}
 u - a potion of berserk rage {unknown}
 z - a potion of resistance {unknown}


   Skills:
 * Level 4.3 Fighting
 * Level 4.0 Axes
 + Level 3.2 Armour
 + Level 2.0 Dodging
 + Level 3.5 Shields
 * Level 2.4 Invocations


You had 6 spell levels left.
You didn't know any spells.
Your spell library contained the following spells:

 Spells                   Type           Power      Damage    Failure   Level
 Sublimation of Blood     Necr           0%         N/A       77%         2
 Petrify                  Tmut/Erth      0%         N/A       100%        4
 Irradiate                Conj/Tmut      0%         3d11      100%        5


Dungeon Overview and Level Annotations

Branches:
Dungeon (5/15)
 Temple: D:4-7

Altars:
Makhleb
Nemelex Xobeh
Okawaru
Qazlal
Wu Jian


Innate Abilities, Weirdness & Mutations

You have extremely sharp teeth.
Your natural rate of healing is unusually fast.
When hurt, damage is shared between your health and your magic reserves.
Your bite disrupts and absorbs the magic of your enemies.
Potions cannot restore your health.


Message History

The wight barely misses you.
The wight hits you from afar with a +0 trident.
The wight closely misses you. The wight barely misses you.
You hit the wight. You burn the wight. You bite the wight. You drain its power.
You feel invigorated.
The wight is severely damaged.
The wight hits you with a +0 mace.
You feel drained. You block the wight's attack.
You hit the wight but do no damage. You bite the wight.
You destroy the wight!
Qazlal accepts your kill. The wight closely misses you.
Your life force feels restored.
Your Dodging skill increases to level 2! 2 wights come into view.
A wight is wielding a +4 short sword.
A wight is wielding a +0 halberd and wearing a +0 robe of willpower.
Found a stone staircase leading up.
The wight completely misses you.
Things that are here:
a +0 mace; a +0 robe You barely miss the wight.
You block the wight's attack.
You hit the wight but do no damage. You bite the wight. You drain its power.
The wight is moderately damaged.
The wight hits you with a +0 trident!
You hit the wight. You burn the wight. Your bite misses the wight.
The wight is heavily damaged.
The wight hits you with a +0 trident! The wight closely misses you.
You hit the wight. You burn the wight.
You destroy the wight!
Qazlal accepts your kill.
You are now surrounded by a storm.
The wight hits you from afar with a +0 halberd.
You feel drained.
Your life force feels restored.
Your Axes skill increases to level 4!
You barely miss the wight. The wight closely misses you. x2
The wight hits you from afar with a +0 halberd!
* * * LOW HITPOINT WARNING * * *
You feel drained.
* * * LOW HITPOINT WARNING * * *
The wight hits you with a +4 short sword.
You die...

#####
......#####
#...z@..#
#...z###.# <....
#.# .... #.# ###
...
#.######.#####
..
#............. .
.########.....##
...............#
########.......#


You could see 2 wights.

Vanquished Creatures
  A water moccasin (D:4)
  2 phantoms
  2 wights (D:5)
  A jelly (D:5)
  A sleepcap (D:5)
  Jessica (D:3)
  6 adders
  An ufetubus (D:4)
  A worm (D:2)
  3 dart slugs
  6 orcs
  6 ball pythons
  6 endoplasms
  2 giant cockroaches
  5 goblins
  6 hobgoblins
  6 jackals
  11 kobolds
  7 quokkas
  4 bats
  6 frilled lizards
  3 rats
87 creatures vanquished.

Notes
Turn   | Place    | Note
-------+----------+-------------------------------------------
     0 | D:1      | HallandMoats the Vine Stalker Fighter began the quest for
                  | the Orb.
     0 | D:1      | Reached XP level 1. HP: 11/11 MP: 2/2
    44 | D:1      | Reached XP level 2. HP: 13/16 MP: 1/3
   187 | D:1      | Reached XP level 3. HP: 19/20 MP: 4/4
   383 | D:1      | You fall into a shaft and drop 1 floor!
   563 | D:2      | Gained mutation: Your natural rate of healing is unusually
                  | fast. [Vine Stalker growth]
   563 | D:2      | Reached XP level 4. HP: 22/24 MP: 5/5
  1067 | D:3      | Noticed Jessica
  1072 | D:3      | Killed Jessica
  1073 | D:3      | Reached skill level 1 in Dodging
  1073 | D:3      | Reached skill level 1 in Invocations
  1073 | D:3      | Reached XP level 5. HP: 28/28 MP: 6/6
  1193 | D:3      | Found a faded altar of an unknown god.
  1246 | D:3      | Identified the +6 falchion "Kayj" {elec, *Rage Fly rF+
                  | Int+5}
  1289 | D:3      | Found an iron altar of Okawaru.
  1353 | D:3      | Found a stormy altar of Qazlal.
  1354 | D:3      | Found an ornate altar of the Wu Jian Council.
  1355 | D:3      | Found a sparkling altar of Nemelex Xobeh.
  1437 | D:3      | Found a burning altar of Makhleb.
  1619 | D:3      | Became a worshipper of Qazlal Stormbringer
  1659 | D:4      | Noticed a water moccasin
  1668 | D:4      | Killed a water moccasin
  1669 | D:4      | Reached XP level 6. HP: 30/33 MP: 6/8
  2839 | D:5      | Entered Level 5 of the Dungeon
  2871 | D:5      | Reached XP level 7. HP: 37/37 MP: 9/9
  2985 | D:5      | Reached * piety under Qazlal
  2986 | D:5      | Slain by a wight

Illustrated notes

Levels and vault maps discovered:
D:1:      evilmike_arrival_home_sweet_home, layout_rooms, minmay_tetromino_o4
D:2:      layout_basic
D:3:      layout_basic, nicolae_overflow_hidden_temple,
          chequers_temple_overflow_statue_of_worship, okawaru_trees_2,
          shapermc_ecumenical_altar_hornbeckon, kennysheep_jessica_study
D:4:      layout_basic, grunt_ministairs_14, minmay_surrounded
D:5:      layout_loops_ring, serial_rivers, chequers_serial_rivers_marsh,
          chequers_serial_rivers_marsh, chequers_serial_rivers_micro_d,
          chequers_serial_rivers_micro_a, uniq_prince_ribbit1

Skill      XL: |  1  2  3  4  5  6  7 |
---------------+----------------------+-----
Axes           | 2 3 4 |  4.0
Fighting       | 3 4 |  4.3
Shields        | 3 |  3.5
Dodging        | 1 2 |  2.0
Invocations    | 1 2 |  2.4
Armour         | 3 |  3.2

Action                     |  1- 3 |  4- 6 |  7- 9 || total
---------------------------+-------+-------+-------++-------
  Melee: War axe           |    79 |    51 |       ||   130
         Bite              |    13 |    23 |     8 ||    44
         Falchion          |       |    36 |       ||    36
         Hand axe          |       |    19 |    16 ||    35
 Armour: Scale mail        |    42 |       |       ||    42
         Ring mail         |     5 |    50 |     4 ||    59
  Dodge: Dodged            |    61 |    49 |    13 ||   123
  Block: Buckler           |    32 |    30 |     4 ||    66

Table legend: (Time is in decaauts)
 A = Elapsed time spent in this place.
 B = Non-inter-level travel time spent in this place.
 C = Inter-level travel time spent in this place.
 D = Time resting spent in this place.
 E = Time spent auto-exploring this place.
 F = Levels seen in this place.
 G = Mean time per level.
                   A        B        C        D        E       F      G
               +--------+--------+--------+--------+--------+-----+--------+
         Total |   3104 |   2867 |    237 |    504 |   1714 |   5 |  620.8 |
       Dungeon |   3104 |   2867 |    237 |    504 |   1714 |   5 |  620.8 |
               +--------+--------+--------+--------+--------+-----+--------+

Top non-repeatable levels by time:
     D:4: 1251 daAuts
     D:3: 759 daAuts
     D:1: 529 daAuts
     D:2: 412 daAuts
     D:5: 151 daAuts
